 Dungeon Sprint DCSS version 0.17-a0-1450-g7e755d1 (webtiles) character file.

297 pulse the Fighter (level 6, -2/58 HPs)
             Began as a Formicid Berserker on June 30, 2015.
             Was an Elder of Trog.
             Slain by a hill giant
             ... wielding a +0 giant club
              (30 damage)
             ... in the Dungeon (Sprint IX: "|||||||||||||||||||||||||||||").
             The game lasted 00:01:38 (618 turns).

pulse the Fighter (Formicid Berserker)               Turns: 618, Time: 00:01:39

Health: -2/58      AC: 13    Str: 29    XL:     6   Next: 62%
Magic:  6/6        EV: 10    Int:  7    God:    Trog [****..]
Gold:   0          SH:  0    Dex: 10    Spells: 0 memorised, 5 levels left

rFire  . . .     SeeInvis +     m - +1 broad axe (freeze)
rCold  . . .     Clarity  .     n - +1 chain mail
rNeg   . . .     SustAt   .     (no shield)
rPois  .         Gourm    .     (helmet unavailable)
rElec  .         Spirit   .     (no cloak)
rCorr  .         Warding  .     o - +0 pair of gloves
rMut   .         Stasis   +     p - +0 pair of boots
MR     .....                    (no amulet)
Stlth  ..........               r - +3 ring of strength
                                q - +3 ring of strength

@: not resistant to hostile enchantments, extremely unstealthy
A: permanent stasis, dig shafts and tunnels, four strong arms, antennae 3
a: Dig, Burn Spellbooks, Trog's Hand, Brothers in Arms, Renounce Religion


You were in the Dungeon.
You worshipped Trog.
Trog was greatly pleased with you.
You were not hungry.

You visited 1 branch

Inventory:

Hand weapons
 m - a +1 broad axe of freezing (weapon)
Armour
 b - a +0 animal skin
 n - a +1 chain mail (worn)
 o - a +0 pair of gloves (worn)
 p - a +0 pair of boots (worn)
Jewellery
 q - a +3 ring of strength (left hand)
 r - a +3 ring of strength (right hand)
Magical devices
 l - a wand of fire (5)
Scrolls
 i - 2 scrolls of blinking
 k - 3 scrolls of remove curse
Potions
 d - a potion of invisibility
 e - a potion of heal wounds
 f - a potion of haste
 g - 4 potions of magic
 h - a potion of berserk rage
 j - 4 potions of curing
Comestibles
 c - a bread ration


   Skills:
 + Level 9.0 Fighting
 * Level 8.3 Axes
 + Level 4.5 Armour
 - Level 5.2 Dodging
 + Level 2.7 Stealth


You had 5 spell levels left.
You didn't know any spells.

Dungeon Overview and Level Annotations

Branches:
Dungeon (1/1)

Altars:
Cheibriados
Dithmenos
Elyvilon
Fedhas
Gozag
Kikubaaqudgha
Makhleb
Nemelex Xobeh
Okawaru
Qazlal
Ru
Sif Muna
Trog
Vehumet
Xom
Yredelemnul
Zin
The Shining One
Beogh
Jiyva
Lugonu


Innate Abilities, Weirdness & Mutations

You are under a permanent stasis effect.
You can dig through walls and to a lower floor.
Your four strong arms can wield two-handed weapons with a shield.
You have a pair of large antennae on your head (SInv).


Message History

The bolt of fire hits the yak.
The yak is moderately wounded.
This wand has 5 charges left.
The hill giant hits you with a giant club!
You barely miss the hill giant.
The hill giant is moderately wounded.
The hill giant misses you.
You slash the hill giant! You freeze the hill giant.
The hill giant is heavily wounded.
The hill giant closely misses you.
Drink which item? (? for menu, Esc to quit)
You feel much better.
You hit the hill giant but do no damage.
The hill giant is heavily wounded.
The hill giant hits you with a giant club!
You slash the hill giant! You freeze the hill giant.
The hill giant is severely wounded.
The hill giant hits you with a giant club!!
Ouch! That really hurt!
You die...

▓.▓
▓.▓
▓†▓
▓.▓
▓)▓
▓Y▓
{ {
▓c▓
{
▓C▓
{
▓@▓
{
▓.▓
{
▓.▓
{
▓(▓
{
▓|▓
{
▓?▓
▓.▓
{
▓'▓
{
▓_▓
{


You could see a hill giant, a yak and a centaur.

Vanquished Creatures
  A troll (D)
  A scorpion (D)
  2 giant geckos (D)
  An orc (D)
  2 bats (D)
  A bat skeleton (D)
  A giant cockroach (D)
  A goblin (D)
  A hobgoblin (D)
  A kobold (D)
  A rat (D)
13 creatures vanquished.

Notes
Turn   | Place    | Note
--------------------------------------------------------------
     0 | D        | pulse the Formicid Berserker began the quest for the Orb.
     0 | D        | Reached XP level 1. HP: 18/18 MP: 1/1
     6 | D        | Acquired Trog's second power
     7 | D        | Reached skill level 4 in Fighting
    13 | D        | Reached XP level 2. HP: 19/25 MP: 2/2
   158 | D        | Noticed a scorpion
   177 | D        | Killed a scorpion
   177 | D        | Reached skill level 6 in Fighting
   177 | D        | Reached skill level 5 in Axes
   177 | D        | Reached XP level 3. HP: 10/34 MP: 3/3
   177 | D        | Reached XP level 4. HP: 11/40 MP: 4/4
   533 | D        | Found a glowing silver altar of Zin.
   533 | D        | Found a glowing golden altar of the Shining One.
   533 | D        | Found an ancient bone altar of Kikubaaqudgha.
   533 | D        | Found a basalt altar of Yredelemnul.
   533 | D        | Found a shimmering altar of Xom.
   533 | D        | Found a radiant altar of Vehumet.
   534 | D        | Found an iron altar of Okawaru.
   535 | D        | Found a burning altar of Makhleb.
   536 | D        | Found a deep blue altar of Sif Muna.
   537 | D        | Found a bloodstained altar of Trog.
   538 | D        | Found a sparkling altar of Nemelex Xobeh.
   539 | D        | Found a white marble altar of Elyvilon.
   540 | D        | Found a roughly hewn altar of Beogh.
   541 | D        | Found a viscous altar of Jiyva.
   542 | D        | Found a corrupted altar of Lugonu.
   543 | D        | Found a blossoming altar of Fedhas.
   544 | D        | Found a snail-covered altar of Cheibriados.
   545 | D        | Found a shadowy altar of Dithmenos.
   546 | D        | Found a stormy altar of Qazlal.
   547 | D        | Found an opulent altar of Gozag.
   548 | D        | Found a sacrificial altar of Ru.
   604 | D        | Noticed a yak
   604 | D        | Noticed a hill giant
   604 | D        | Noticed a centaur
   604 | D        | Noticed a troll
   605 | D        | Acquired Trog's third power
   608 | D        | Killed a troll
   608 | D        | Reached skill level 9 in Fighting
   608 | D        | Reached skill level 5 in Dodging
   608 | D        | Reached XP level 5. HP: 29/52 MP: 5/5
   608 | D        | Reached XP level 6. HP: 32/58 MP: 6/6
   618 | D        | Slain by a hill giant

Vault maps used:
D:        linesprint

Action                   |  1- 3 |  4- 6 || total
-------------------------+-------+-------++-------
Melee: Hand axe          |    30 |     9 ||    39
       Broad axe         |       |     7 ||     7
Evoke: Wand              |       |     2 ||     2
  Use: Potion            |     2 |     1 ||     3
